 Dungeon Crawl Stone Soup version 0.29-a0-352-g0917bc69df (webtiles) character file.

Game seed: 2036452164817490458

618 Leibowitz the Chopper (level 7, -4/54 HPs)
             Began as a Demonspawn Fighter on Apr 23, 2022.
             Slain by a lemure (5 damage)
             ... led by Pikel
             ... on level 4 of the Dungeon.
             The game lasted 00:08:58 (2429 turns).

Leibowitz the Chopper (Demonspawn Fighter)          Turns: 2429, Time: 00:08:59

Health: -4/54      AC:  7    Str: 19    XL:     7   Next: 21%
Magic:  7/7        EV:  9    Int:  9    God:
Gold:   115        SH:  4    Dex: 12    Spells: 6/6 levels left

rFire   . . .      SeeInvis .   a - +0 war axe
rCold   . . .      Faith    .   c - +0 buckler
rNeg    . . .      Spirit   .   b - +0 scale mail
rPois   .          Reflect  .   (helmet restricted)
rElec   .          Harm     .   (no cloak)
rCorr   .          Rampage  .   (no gloves)
Will    .....                   (no boots)
Stlth   ..........              (no amulet)
HPRegen 0.18/turn               (no ring)
MPRegen 0.10/turn               (no ring)

@: mighty
A: antennae 1, powered by death 2, powered by pain 1, weakness stinger 1
a: no special abilities


You were on level 4 of the Dungeon.
You visited 1 branch of the dungeon, and saw 4 of its levels.

You collected 115 gold pieces.

Inventory:

Hand Weapons
 a - a +0 war axe (weapon)
Missiles
 h - 4 javelins (quivered)
 r - a throwing net
Armour
 b - a +0 scale mail (worn)
 c - a +0 buckler (worn)
Jewellery
 d - a ring of fire
 f - a ring of willpower
Scrolls
 g - a scroll of fog {unknown}
 i - 3 scrolls of immolation {unknown}
 j - 4 scrolls of identify {unknown}
 k - 3 scrolls of noise {unknown}
 m - a scroll of magic mapping {unknown}
 o - a scroll of amnesia {unknown}
 q - a scroll of teleportation {unknown}
Potions
 e - a potion of flight
 n - a potion of cancellation


   Skills:
 * Level 4.3 Fighting
 * Level 4.9 Axes
 * Level 4.0 Armour
 * Level 1.8 Dodging
 * Level 3.7 Shields


You had 6 spell levels left.
You didn't know any spells.
Your spell library contained the following spells:

 Spells                   Type           Power      Damage    Failure   Level
 Confusing Touch          Hex            0%         N/A       99%         3
 Yara's Violent Unravell  Hex/Tmut       0%         3d3       100%        5
 Enfeeble                 Hex            0%         N/A       100%        7


Dungeon Overview and Level Annotations

Branches:
Dungeon (4/15)
 Temple: D:4-7

Altars:
Hepliaklqana

Annotations:
D:4 Pikel


Innate Abilities, Weirdness & Mutations

You have a pair of small antennae on your head.
You regenerate health from kills.
You sometimes gain a little power by taking damage.
You have a small tail.


Message History

Pikel misses you.
The lemure hits you but does no damage. x2
The lemure attacks as you move away! The lemure barely misses you.
Pikel misses you.
You closely miss the lemure.
The lemure is moderately wounded.
You closely miss the lemure. You barely miss Pikel. You hit the hobgoblin.
You slash the lemure!
Pikel hits you with a +2 whip of flaming.
* * * LOW HITPOINT WARNING * * *
Pikel burns you.
* * * LOW HITPOINT WARNING * * *
The lemure closely misses you. The hobgoblin barely misses you.
The lemure closely misses you. The lemure barely misses you.
The lemure attacks as you move away! You block the lemure's attack. x2
The hobgoblin barely misses you. The lemure hits you but does no damage.
You feel very mighty all of a sudden. You block Pikel's attack.
The lemure barely misses you. The hobgoblin hits you.
* * * LOW HITPOINT WARNING * * *
The lemure hits you but does no damage.
Unknown command.
You slash Pikel! You tail-slap Pikel!
Pikel is severely wounded.
You completely miss the hobgoblin. You closely miss the lemure.
You barely miss the lemure.
Pikel hits you with a +2 whip of flaming.
* * * LOW HITPOINT WARNING * * *
Pikel burns you.
* * * LOW HITPOINT WARNING * * *
The lemure hits you!
* * * LOW HITPOINT WARNING * * *
The hobgoblin hits you but does no damage.
The lemure hits you but does no damage.
Pikel drinks a potion.
Pikel is healed!
The lemure closely misses you. The lemure hits you but does no damage.
The hobgoblin hits you but does no damage.
You hit Pikel.
Pikel is moderately wounded.
You slash the lemure! x2; You slash the hobgoblin!
You kill the hobgoblin!
Pikel barely misses you. The lemure hits you.
You die...

#...........#....#
#...........#....##
#...........#.....#
#...........#.....#
#...........'.....#
#...........#.....#
#......##...#.....#
#......####'##5##....
#......#.....5K@# ...
#......#......†5# ..
#......#.......5#
#......#....#####
##...# #...# ......
......# ......


You could see Pikel and 4 lemures.

Vanquished Creatures
  Sigmund (D:3)
  Eustachio (D:4)
  A scorpion (D:4)
  A jelly (D:4)
  2 orc wizards (D:4)
  Robin (D:2)
  7 adders
  A worm (D:2)
  2 dart slugs
  8 orcs (D:4)
  7 endoplasms
  3 giant cockroaches
  12 goblins
  17 hobgoblins
  3 jackals (D:1)
  3 quokkas
  7 ball pythons
  5 bats
  8 frilled lizards
  7 kobolds
  6 rats
103 creatures vanquished.

Notes
Turn   | Place    | Note
-------+----------+-------------------------------------------
     0 | D:1      | Leibowitz the Demonspawn Fighter began the quest for the
                  | Orb.
     0 | D:1      | Reached XP level 1. HP: 18/18 MP: 1/1
   144 | D:1      | Gained mutation: You regenerate a little health from kills.
                  | [demonic ancestry]
   144 | D:1      | Reached XP level 2. HP: 22/24 MP: 2/2
   314 | D:1      | Found a faded altar of an unknown god.
   733 | D:1      | Discovered your monstrous ancestry.
   733 | D:1      | Gained mutation: You have a small tail. [demonic ancestry]
   733 | D:1      | Reached XP level 3. HP: 29/29 MP: 3/3
  1060 | D:2      | Gained mutation: You regenerate health from kills. [demonic
                  | ancestry]
  1060 | D:2      | Reached XP level 4. HP: 29/35 MP: 4/4
  1138 | D:2      | Noticed Robin
  1148 | D:2      | Killed Robin
  1362 | D:2      | Reached skill level 1 in Dodging
  1616 | D:3      | Gained mutation: You have a pair of small antennae on your
                  | head. [demonic ancestry]
  1616 | D:3      | Reached XP level 5. HP: 41/41 MP: 5/5
  1798 | D:3      | Noticed Sigmund
  1822 | D:3      | HP: 1/42 [something (4)]
  1829 | D:3      | Killed Sigmund
  1830 | D:3      | Gained mutation: You sometimes gain a little power by
                  | taking damage. [demonic ancestry]
  1830 | D:3      | Reached XP level 6. HP: 41/48 MP: 6/6
  2122 | D:4      | Found a hazy altar of Hepliaklqana.
  2221 | D:4      | Noticed Eustachio
  2253 | D:4      | Killed Eustachio
  2254 | D:4      | Reached XP level 7. HP: 35/54 MP: 7/7
  2407 | D:4      | Noticed Pikel
  2428 | D:4      | HP: 1/54 [lemure[Pikel] (7)]
  2429 | D:4      | Slain by a lemure

Illustrated notes

Levels and vault maps discovered:
D:1:      minmay_arrival_hallway, layout_basic, ebering_ecumenical_altar_box,
          wad_woods_river_04
D:2:      layout_rooms, uniq_robin
D:3:      layout_rooms, minmay_misc_feat_tiny, uniq_sigmund
D:4:      layout_gridville, nicolae_hepliaklqana_hippocampus,
          palyth_stone_intersect, uniq_eustachio, uniq_pikel

Skill      XL: |  1  2  3  4  5  6 |
---------------+-------------------+-----
Axes           | 2 3 4 |  4.9
Armour         | 3 4 |  4.0
Shields        | 3 |  3.7
Dodging        | 1 |  1.8
Fighting       | 4 |  4.3

Action                   |  1- 3 |  4- 6 |  7- 9 || total
-------------------------+-------+-------+-------++-------
Melee: War axe           |   103 |   196 |    10 ||   309
       Tailslap          |     2 |    12 |     1 ||    15
  Use: Potion            |       |     8 |     1 ||     9
 Stab: Invisible         |       |     1 |       ||     1
Armor: Scale mail        |    46 |   118 |    13 ||   177
Dodge: Dodged            |    48 |    93 |    17 ||   158
Block: Buckler           |    26 |    45 |     9 ||    80

Table legend: (Time is in decaauts)
 A = Elapsed time spent in this place.
 B = Non-inter-level travel time spent in this place.
 C = Inter-level travel time spent in this place.
 D = Time resting spent in this place.
 E = Time spent auto-exploring this place.
 F = Levels seen in this place.
 G = Mean time per level.
                   A        B        C        D        E       F      G
               +--------+--------+--------+--------+--------+-----+--------+
         Total |   2566 |   2476 |     90 |      0 |   1661 |   4 |  641.5 |
       Dungeon |   2566 |   2476 |     90 |      0 |   1661 |   4 |  641.5 |
               +--------+--------+--------+--------+--------+-----+--------+

Top non-repeatable levels by time:
     D:1: 1005 daAuts
     D:2: 610 daAuts
     D:4: 483 daAuts
     D:3: 467 daAuts
